 Dungeon Crawl Stone Soup version 0.21.1-1-g345015f (webtiles) character file.

2885 tidbits the Magician (level 9, 49/66 HPs)
             Began as a Gnoll Fire Elementalist on Mar 23, 2018.
             Quit the game on level 7 of the Dungeon.
             The game lasted 00:24:45 (2270 turns).

tidbits the Magician (Gnoll Fire Elementalist)      Turns: 2270, Time: 00:24:46

Health: 49/66      AC:  5    Str: 11    XL:     9   Next: 77%
Magic:  1/17       EV: 15    Int: 21    God:
Gold:   190        SH:  0    Dex: 15    Spells: 7/21 levels left

rFire    + . .     SeeInvis +   a - +2 short sword (freeze)
rCold    . . .     Gourm    .   (no shield)
rNeg     . . .     Faith    .   A - +2 leather armour of the Dungeon {rPois}
rPois    +         Spirit   .   (helmet restricted)
rElec    .         Reflect  .   (no cloak)
rCorr    .         Harm     .   (no gloves)
MR       .....                  (no boots)
Stlth    +++.......             (no amulet)
HPRegen  0.21/turn              Y - +3 ring of slaying
MPRegen  0.15/turn              s - ring of fire

@: very slightly contaminated
A: distributed training, antennae 1, fangs 1, see invisible, cold resistance 1,
low mp 1, strong nose
a: no special abilities


You were on level 7 of the Dungeon.
You were very hungry.

You visited 1 branch of the dungeon, and saw 9 of its levels.

You collected 190 gold pieces.

Inventory:

Hand Weapons
 a - a +2 short sword of freezing (weapon)
   (You took it off a kobold on level 1 of the Dungeon)
 e - a +2 whip of freezing
   (You took it off Pikel on level 4 of the Dungeon)
 f - a +0 whip
 h - the +1 battleaxe "Mecsampa" {distort, rC+}
   (You found it on level 6 of the Dungeon)

   It warps and distorts space around it.
   Unwielding it can cause banishment or high damage.
   It protects you from cold.
 m - a +0 short sword
 p - a +0 dagger
Missiles
 n - 30 stones (quivered)
 q - 80 bolts
 w - 3 tomahawks
Armour
 v - a +0 pair of gloves
 A - the +2 leather armour of the Dungeon (worn) {rPois}
   (You found it on level 7 of the Dungeon)

   It protects you from poison.
 B - a +1 robe
Jewellery
 i - an uncursed ring of flight
   (You found it on level 1 of the Dungeon)
 s - a ring of fire (right hand)
   (You found it on level 2 of the Dungeon)
 t - an uncursed ring of protection from cold
   (You found it on level 3 of the Dungeon)
 C - a +5 ring of dexterity
   (You found it on level 7 of the Dungeon)
 Y - a +3 ring of slaying (left hand)
   (You found it on level 5 of the Dungeon)
Wands
 o - a wand of iceblast (7)
Scrolls
 d - 2 scrolls of enchant weapon
 g - 3 scrolls of teleportation
 l - a scroll of noise
 x - 2 scrolls of identify
 z - a scroll of fear
 F - a scroll of vulnerability {unknown}
Potions
 j - a potion of haste
 k - a potion of flight
 r - 2 potions of might
Books
 b - a book of Flames

   Spells                             Type                      Level
   a - Flame Tongue                   Conjuration/Fire             1
   b - Throw Flame                    Conjuration/Fire             2
   c - Conjure Flame                  Conjuration/Fire             3
   d - Inner Flame                    Hexes/Fire                   3
   e - Sticky Flame                   Conjuration/Fire             4
   f - Fireball                       Conjuration/Fire             5
 u - a book of the Sky
   (You found it on level 4 of the Dungeon)

   Spells                             Type                      Level
   a - Summon Lightning Spire         Summoning/Air                4
   b - Silence                        Hexes/Air                    5
   c - Deflect Missiles               Charms/Air                   6
   d - Conjure Ball Lightning         Conjuration/Air              6
   e - Tornado                        Air                          9
 y - a book of Transfigurations
   (You found it on level 9 of the Dungeon)

   Spells                             Type                      Level
   a - Irradiate                      Conjuration/Transmutation    5
   b - Statue Form                    Transmutation/Earth          6
   c - Hydra Form                     Transmutation                6
   d - Dragon Form                    Transmutation                7
 D - a book of Changes
   (You found it on level 8 of the Dungeon)

   Spells                             Type                      Level
   a - Beastly Appendage              Transmutation                1
   b - Sticks to Snakes               Transmutation                2
   c - Spider Form                    Transmutation/Poison         3
   d - Ice Form                       Ice/Transmutation            4
   e - Blade Hands                    Transmutation                5
 E - a book of Enchantments
   (You found it on level 8 of the Dungeon)

   Spells                             Type                      Level
   a - Cause Fear                     Hexes                        4
   b - Yara's Violent Unravelling     Hexes/Transmutation          5
   c - Silence                        Hexes/Air                    5
   d - Deflect Missiles               Charms/Air                   6
   e - Discord                        Hexes                        8
Comestibles
 c - 7 rations


   Skills:
 + Level 4.5 Fighting
 + Level 4.5 Short Blades
 + Level 4.5 Long Blades
 + Level 4.5 Axes
 + Level 4.5 Maces & Flails
 + Level 4.5 Polearms
 + Level 4.5 Staves
 + Level 4.5 Slings
 + Level 4.5 Bows
 + Level 4.5 Crossbows
 + Level 4.5 Throwing
 + Level 4.5 Armour
 + Level 6.5 Dodging
 + Level 6.2 Stealth
 + Level 4.5 Shields
 + Level 4.5 Unarmed Combat
 + Level 6.8 Spellcasting
 + Level 4.3 Conjurations
 + Level 3.7 Hexes
 + Level 3.7 Charms
 + Level 3.7 Summonings
 + Level 3.7 Necromancy
 + Level 3.7 Translocations
 + Level 3.7 Transmutations
 + Level 6.6 Fire Magic
 + Level 3.7 Ice Magic
 + Level 3.7 Air Magic
 + Level 3.7 Earth Magic
 + Level 3.7 Poison Magic
 + Level 4.9 Invocations
 + Level 4.5 Evocations


You had 7 spell levels left.
You knew the following spells:

 Your Spells              Type           Power        Failure   Level  Hunger
a - Flame Tongue          Conj/Fire      #####        1%          1    None
c - Conjure Flame         Conj/Fire      #####...     3%          3    #......
j - Throw Flame           Conj/Fire      #####.       1%          2    None
t - Sticky Flame          Conj/Fire      #####...     12%         4    ###....
L - Summon Lightning Spi  Summ/Air       ###.....     24%         4    ###....


Dungeon Overview and Level Annotations

Branches:
Dungeon (9/15)
 Temple: D:4-7         Lair: D:8-11         Orc: D:9-12

Altars:
Nemelex Xobeh
Trog
Vehumet

Shops:
D:4 =   D:6 %


Innate Abilities, Weirdness & Mutations

Your experience applies equally to all skills.
You have very sharp teeth.
Your uncanny sense of smell can sniff out nearby items.
You have a pair of small antennae on your head.
You have supernaturally acute eyesight. (SInv)
Your flesh is cold resistant. (rC+)
Your magical capacity is low. (-10% MP)


Message History

There is a stone staircase leading up here.
Unknown command.
You are feeling hungry.
Found a glowing ring mail.
You see here a glowing ring mail.
Found a papyrus book.
Found 5 gold pieces.
You see here a book of Changes.
D - a book of Changes You see here 5 gold pieces.
You now have 175 gold pieces (gained 5).
You open the door.
Found an oblong leatherbound book.
Unknown command.
There is an open door here.
You see here a book of Enchantments.
E - a book of Enchantments
Found a ring mail.
Found a scroll labeled TIRIJE VA QEIHEIT.
Found a stone staircase leading up.
Found a potion of might.
There is a stone staircase leading up here.
Found 15 gold pieces.
You see here a potion of might.
r - 2 potions of might (gained 1)
You see here 15 gold pieces.
You now have 190 gold pieces (gained 15).
You see here a scroll labeled TIRIJE VA QEIHEIT.
F - a scroll labeled TIRIJE VA QEIHEIT
There is a stone staircase leading up here.
You climb upwards.
A centaur comes into view.
There is a stone staircase leading down here.
The centaur shouts!
The centaur wields a shortbow.
The centaur shoots an arrow.
The arrow hits you.
An orc comes into view. It is wielding a flail.
The orc shouts!
You see here an arrow.
You hear a shout! x2
The centaur shoots an arrow.
The arrow hits you!
You see here an arrow.
The centaur closely misses you. The centaur hits you with a shortbow.
Casting: Flame Tongue
Confirm with . or Enter, or press ? or * to list all spells.
Aiming: Sticky Flame
Press: ? - help, Shift-Dir - straight line, f - centaur
Aim: a centaur, wielding a shortbow You feel a surge of power!
The sticky flame hits the centaur.
The centaur is heavily wounded.
The centaur is covered in liquid flames!
The centaur burns!
The centaur closely misses you.
You hit the centaur. You freeze the centaur.
You kill the centaur!
Casting: Sticky Flame
Confirm with . or Enter, or press ? or * to list all spells.
Aiming: Flame Tongue
Press: ? - help, Shift-Dir - straight line, f - orc
Aim: an orc, wielding a flail and wearing a ring mail You feel a surge of power!
The flame tongue hits the orc.
The orc appears unharmed.
You puncture the orc! You freeze the orc.
You kill the orc!
A big kobold comes into view.
A kobold comes into view. It is wielding a dagger.
Items here: ( )) [ † a flail; a ring mail; a shortbow; 17 arrows; an orc corpse A kobold comes into view.
It is wielding a dagger.
The big kobold shouts!
You hear a shout!
The big kobold throws a stone.
The stone hits you but does no damage. 2 kobolds come into view.
You see here a stone.
Casting: Flame Tongue
Confirm with . or Enter, or press ? or * to list all spells.
Aiming: Summon Lightning Spire
Press: ? - help, Dir - move target cursor You miscast Summon Lightning Spire.
You are very lightly contaminated with residual magic.
You feel momentarily weightless.
You are feeling very hungry.
The kobold shouts!
You hear a shout!
The kobold throws a stone.
The stone barely misses you.
The big kobold throws a stone.
The stone barely misses you.
A kobold comes into view.
Casting: Summon Lightning Spire
Confirm with . or Enter, or press ? or * to list all spells.
Aiming: Summon Lightning Spire
Press: ? - help, Dir - move target cursor You miscast Summon Lightning Spire.
A fistful of eyes flickers past your view.
The kobold throws a stone.
The stone completely misses you.
The big kobold throws a stone.
The stone barely misses you.
Unknown command.
Casting: Summon Lightning Spire
Confirm with . or Enter, or press ? or * to list all spells.
Aiming: Summon Lightning Spire
Press: ? - help, Dir - move target cursor You miscast Summon Lightning Spire.
Shadowy shapes form in the air around you, then vanish.
The big kobold throws a stone.
The stone barely misses you.
Are you sure you want to abandon this character and quit the game? (Confirm with "yes".)

. ....... .
....... .
....K.. .... .
..K.... ......
..K.K ....... .
..K#####.......
. #...........#
# #.@.........#
. #..)........#
# #..(........#
#....(...#####
#.....(......#
#......>..##.#
#.........#
#.........#
#...........


You could see a big kobold and 4 kobolds.

Vanquished Creatures
  The ghost of Lanoc the Carver, a novice DrBe of Trog (D:7)
  Pikel (D:4)
  The ghost of TheNamelessOne the Conjurer, a novice DsCj (D:6)
  2 sky beasts
  A slave (D:3)
  2 ice beasts
  A phantom (D:6)
  3 ogres
  A centaur (D:7)
  5 bullfrogs
  A water moccasin zombie (D:8)
  A scorpion (D:6)
  A howler monkey (D:9)
  A crimson imp (D:5)
  A hound (D:5)
  2 worker ants
  2 hound skeletons
  3 gnolls (D:7)
  9 adders
  An ooze (D:5)
  2 worms
  6 leopard geckos
  An orc (D:7)
  2 ball pythons
  3 giant cockroaches
  2 goblins
  4 hobgoblins
  6 jackals
  4 quokkas
  A bat (D:2)
  2 frilled lizards
  13 kobolds
  A leopard gecko skeleton (D:7)
  A quokka skeleton (D:6)
  8 rats
96 creatures vanquished.

Vanquished Creatures (collateral kills)
  Grinder (D:5)
  An adder skeleton (D:5)
  An orc (D:5)
  A giant cockroach (D:5)
4 creatures vanquished.

Grand Total: 100 creatures vanquished

Notes
Turn   | Place    | Note
-------+----------+-------------------------------------------
     0 | D:1      | tidbits the Gnoll Fire Elementalist began the quest for the Orb.
     0 | D:1      | Reached XP level 1. HP: 13/13 MP: 6/6
   111 | D:1      | Reached skill level 2 in Conjurations
   122 | D:1      | Reached XP level 2. HP: 19/19 MP: 4/7
   179 | D:1      | Learned a level 2 spell: Throw Flame
   489 | D:2      | Reached skill level 5 in Spellcasting
   489 | D:2      | Reached XP level 3. HP: 25/25 MP: 2/9
   546 | D:2      | Reached skill level 1 in Invocations
   658 | D:2      | Reached skill level 1 in Fighting
   658 | D:2      | Reached skill level 1 in Short Blades
   658 | D:2      | Reached skill level 1 in Long Blades
   658 | D:2      | Reached skill level 1 in Axes
   658 | D:2      | Reached skill level 1 in Maces & Flails
   658 | D:2      | Reached skill level 1 in Polearms
   658 | D:2      | Reached skill level 1 in Staves
   658 | D:2      | Reached skill level 1 in Slings
   658 | D:2      | Reached skill level 1 in Bows
   658 | D:2      | Reached skill level 1 in Crossbows
   658 | D:2      | Reached skill level 1 in Throwing
   658 | D:2      | Reached skill level 1 in Armour
   658 | D:2      | Reached skill level 1 in Shields
   658 | D:2      | Reached skill level 1 in Unarmed Combat
   658 | D:2      | Reached skill level 1 in Evocations
   666 | D:2      | Reached XP level 4. HP: 32/32 MP: 1/11
   738 | D:2      | Learned a level 3 spell: Conjure Flame
   743 | D:2      | Learned a level 4 spell: Sticky Flame
   825 | D:3      | You fall through a shaft for 2 floors!
   825 | D:5      | Entered Level 5 of the Dungeon
   880 | D:4      | Reached skill level 1 in Hexes
   880 | D:4      | Reached skill level 1 in Charms
   880 | D:4      | Reached skill level 1 in Summonings
   880 | D:4      | Reached skill level 1 in Necromancy
   880 | D:4      | Reached skill level 1 in Translocations
   880 | D:4      | Reached skill level 1 in Transmutations
   880 | D:4      | Reached skill level 1 in Ice Magic
   880 | D:4      | Reached skill level 1 in Air Magic
   880 | D:4      | Reached skill level 1 in Earth Magic
   880 | D:4      | Reached skill level 1 in Poison Magic
   906 | D:4      | Found Qeobri Qocoa's Jewellery Shop.
   965 | D:4      | Noticed a slave
   965 | D:4      | Noticed a slave
   971 | D:4      | Noticed Pikel
   974 | D:4      | Noticed a slave
   976 | D:3      | Gained mutation: You have supernaturally acute eyesight. (SInv) [potion of mutation]
   976 | D:3      | Gained mutation: You have a pair of small antennae on your head. [potion of mutation]
   976 | D:3      | Gained mutation: Your flesh is cold resistant. (rC+) [potion of mutation]
   986 | D:3      | Killed a slave
  1144 | D:4      | Reached XP level 5. HP: 37/37 MP: 6/12
  1185 | D:4      | Noticed a slave
  1233 | D:4      | Killed Pikel
  1233 | D:4      | Reached skill level 2 in Fighting
  1233 | D:4      | Reached skill level 2 in Short Blades
  1233 | D:4      | Reached skill level 2 in Long Blades
  1233 | D:4      | Reached skill level 2 in Axes
  1233 | D:4      | Reached skill level 2 in Maces & Flails
  1233 | D:4      | Reached skill level 2 in Polearms
  1233 | D:4      | Reached skill level 2 in Staves
  1233 | D:4      | Reached skill level 2 in Slings
  1233 | D:4      | Reached skill level 2 in Bows
  1233 | D:4      | Reached skill level 2 in Crossbows
  1233 | D:4      | Reached skill level 2 in Throwing
  1233 | D:4      | Reached skill level 2 in Armour
  1233 | D:4      | Reached skill level 5 in Dodging
  1233 | D:4      | Reached skill level 2 in Shields
  1233 | D:4      | Reached skill level 2 in Unarmed Combat
  1233 | D:4      | Reached skill level 2 in Invocations
  1233 | D:4      | Reached skill level 2 in Evocations
  1233 | D:4      | Reached XP level 6. HP: 45/45 MP: 0/14
  1233 | D:4      | Reached XP level 7. HP: 51/51 MP: 0/15
  1274 | D:4      | Found a radiant altar of Vehumet.
  1312 | D:3      | Found a bloodstained altar of Trog.
  1331 | D:5      | Reached skill level 3 in Conjurations
  1331 | D:5      | Reached skill level 2 in Hexes
  1331 | D:5      | Reached skill level 2 in Charms
  1331 | D:5      | Reached skill level 2 in Summonings
  1331 | D:5      | Reached skill level 2 in Necromancy
  1331 | D:5      | Reached skill level 2 in Translocations
  1331 | D:5      | Reached skill level 2 in Transmutations
  1331 | D:5      | Reached skill level 2 in Ice Magic
  1331 | D:5      | Reached skill level 2 in Air Magic
  1331 | D:5      | Reached skill level 2 in Earth Magic
  1331 | D:5      | Reached skill level 2 in Poison Magic
  1363 | D:5      | Reached skill level 5 in Stealth
  1392 | D:5      | Noticed Grinder
  1396 | D:5      | Killed Grinder
  1396 | D:5      | Reached skill level 3 in Invocations
  1400 | D:5      | Reached XP level 8. HP: 47/57 MP: 8/16
  1413 | D:5      | You fall through a shaft for 2 floors!
  1419 | D:7      | Reached skill level 6 in Fire Magic
  1438 | D:7      | Reached skill level 3 in Fighting
  1438 | D:7      | Reached skill level 3 in Short Blades
  1438 | D:7      | Reached skill level 3 in Long Blades
  1438 | D:7      | Reached skill level 3 in Axes
  1438 | D:7      | Reached skill level 3 in Maces & Flails
  1438 | D:7      | Reached skill level 3 in Polearms
  1438 | D:7      | Reached skill level 3 in Staves
  1438 | D:7      | Reached skill level 3 in Slings
  1438 | D:7      | Reached skill level 3 in Bows
  1438 | D:7      | Reached skill level 3 in Crossbows
  1438 | D:7      | Reached skill level 3 in Throwing
  1438 | D:7      | Reached skill level 3 in Armour
  1438 | D:7      | Reached skill level 3 in Shields
  1438 | D:7      | Reached skill level 3 in Unarmed Combat
  1438 | D:7      | Reached skill level 3 in Evocations
  1441 | D:7      | You fall through a shaft for 2 floors!
  1508 | D:6      | Noticed TheNamelessOne's ghost (novice DsCj)
  1521 | D:6      | Killed TheNamelessOne's ghost
  1521 | D:6      | Reached skill level 6 in Spellcasting
  1550 | D:6      | Found a sparkling altar of Nemelex Xobeh.
  1565 | D:7      | Noticed Lanoc's ghost (novice DrBe)
  1593 | D:7      | Killed Lanoc's ghost
  1593 | D:7      | Reached skill level 4 in Fighting
  1593 | D:7      | Reached skill level 4 in Short Blades
  1593 | D:7      | Reached skill level 4 in Long Blades
  1593 | D:7      | Reached skill level 4 in Axes
  1593 | D:7      | Reached skill level 4 in Maces & Flails
  1593 | D:7      | Reached skill level 4 in Polearms
  1593 | D:7      | Reached skill level 4 in Staves
  1593 | D:7      | Reached skill level 4 in Slings
  1593 | D:7      | Reached skill level 4 in Bows
  1593 | D:7      | Reached skill level 4 in Crossbows
  1593 | D:7      | Reached skill level 4 in Throwing
  1593 | D:7      | Reached skill level 4 in Armour
  1593 | D:7      | Reached skill level 6 in Dodging
  1593 | D:7      | Reached skill level 4 in Shields
  1593 | D:7      | Reached skill level 4 in Unarmed Combat
  1593 | D:7      | Reached skill level 4 in Conjurations
  1593 | D:7      | Reached skill level 3 in Hexes
  1593 | D:7      | Reached skill level 3 in Charms
  1593 | D:7      | Reached skill level 3 in Summonings
  1593 | D:7      | Reached skill level 3 in Necromancy
  1593 | D:7      | Reached skill level 3 in Translocations
  1593 | D:7      | Reached skill level 3 in Transmutations
  1593 | D:7      | Reached skill level 3 in Ice Magic
  1593 | D:7      | Reached skill level 3 in Air Magic
  1593 | D:7      | Reached skill level 3 in Earth Magic
  1593 | D:7      | Reached skill level 3 in Poison Magic
  1593 | D:7      | Reached skill level 4 in Invocations
  1593 | D:7      | Reached skill level 4 in Evocations
  1593 | D:7      | Reached XP level 9. HP: 36/65 MP: 6/18
  1761 | D:6      | Reached skill level 6 in Stealth
  1789 | D:6      | Learned a level 4 spell: Summon Lightning Spire
  1852 | D:6      | Got a crude battleaxe
  1853 | D:6      | Identified the cursed +1 battleaxe "Mecsampa" {distort, rC+} (You found it on level 6 of the Dungeon)
  1856 | D:6      | Gained mutation: Your magical capacity is low. (-10% MP) [mutagenic glow]
  2037 | D:6      | Found Muohoap's Food Boutique.
  2101 | D:7      | Got a scorched leather armour
  2120 | D:7      | Identified the +2 leather armour of the Dungeon {rPois} (You found it on level 7 of the Dungeon)
  2270 | D:7      | Quit the game

Skill      XL: |  1  2  3  4  5  6  7  8  9 |
---------------+----------------------------+-----
Conjurations   | 2 3 4 |  4.3
Spellcasting   | 5 6 |  6.8
Invocations    | 1 2 3 4 |  4.9
Fighting       | 1 2 4 |  4.5
Short Blades   | 1 2 4 |  4.5
Long Blades    | 1 2 4 |  4.5
Axes           | 1 2 4 |  4.5
Maces & Flails | 1 2 4 |  4.5
Polearms       | 1 2 4 |  4.5
Staves         | 1 2 4 |  4.5
Slings         | 1 2 4 |  4.5
Bows           | 1 2 4 |  4.5
Crossbows      | 1 2 4 |  4.5
Throwing       | 1 2 4 |  4.5
Armour         | 1 2 4 |  4.5
Shields        | 1 2 4 |  4.5
Unarmed Combat | 1 2 4 |  4.5
Evocations     | 1 2 4 |  4.5
Hexes          | 1 2 3 |  3.7
Charms         | 1 2 3 |  3.7
Summonings     | 1 2 3 |  3.7
Necromancy     | 1 2 3 |  3.7
Translocations | 1 2 3 |  3.7
Transmutations | 1 2 3 |  3.7
Ice Magic      | 1 2 3 |  3.7
Air Magic      | 1 2 3 |  3.7
Earth Magic    | 1 2 3 |  3.7
Poison Magic   | 1 2 3 |  3.7
Dodging        | 5 6 |  6.5
Stealth        | 5 6 |  6.2
Fire Magic     | 6 |  6.6

Action                   |  1- 3 |  4- 6 |  7- 9 || total
-------------------------+-------+-------+-------++-------
Melee: Whip              |     9 |    35 |    31 ||    75
       Bite              |     1 |     2 |     7 ||    10
       Unarmed           |       |       |     9 ||     9
       Short sword       |       |       |    39 ||    39
       Punch             |       |       |     1 ||     1
Throw: Stone             |     1 |       |       ||     1
 Cast: Flame Tongue      |    37 |    44 |    57 ||   138
       Throw Flame       |     6 |     6 |     8 ||    20
       Sticky Flame      |       |       |     5 ||     5
       Summon Lightning  |       |       |     1 ||     1
Evoke: Wand              |       |       |     6 ||     6
  Use: Scroll            |     3 |     5 |     7 ||    15
       Potion            |       |     2 |     3 ||     5
 Stab: Sleeping          |     2 |     1 |    10 ||    13
  Eat: Ration            |       |       |     1 ||     1
       Chunk             |       |       |     1 ||     1
Armor: Robe              |     2 |     8 |    13 ||    23
       Skin              |       |       |    10 ||    10
       Leather armour    |       |       |     1 ||     1
Dodge: Dodged            |    10 |    53 |    63 ||   126

Table legend:
 A = Turns spent in this place as a percentage of turns spent in the entire game.
 B = Non-inter-level travel turns spent in this place as a percentage of non-inter-level travel turns spent in the entire game.
 C = Inter-level travel turns spent in this place as a percentage of turns spent in this place.
 D = Turns resting spent in this place as a percentage of non-inter-level travel turns spent in this place.
 E = Turns spent auto-exploring this place as a percentage of non-inter-level travel turns spent in this place.
 F = Non-inter-level travel turns spent in this place divided by the number of levels of this place that you've seen.
                   A       B       C       D       E      F
               +-------+-------+-------+-------+-------+----------------------
         Total | 100.0 | 100.0 |   2.8 |   0.0 |   0.0 | 245.2
       Dungeon | 100.0 | 100.0 |   2.8 |   0.0 |   0.0 | 245.2
               +-------+-------+-------+-------+-------+----------------------

Table legend:
 A = Kills in this place as a percentage of kills in entire the game.
 B = Kills by you in this place as a percentage of kills by you in the entire game.
 C = Kills by friends in this place as a percentage of kills by friends in the entire game.
 D = Other kills in this place as a percentage of other kills in the entire game.
 E = Experience gained in this place as a percentage of experience gained in the entire game.
 F = Experience gained in this place divided by the number of levels of this place that you have seen.
                   A       B       C       D       E      F
               +-------+-------+-------+-------+-------+----------------------
         Total | 100.0 | 100.0 | 100.0 |   N/A | 100.0 | 458.0
       Dungeon | 100.0 | 100.0 | 100.0 |   N/A | 100.0 | 458.0
               +-------+-------+-------+-------+-------+----------------------

Vault maps used:
D:1:      dpeg_arrival_boxorama, minmay_domino_4
D:2:      doesnt_xom_only_xom, serial_glass, glass_columns_a, glass_columns_b,
          uniq_crazy_yiuf_cottage
D:3:      nicolae_qazlal_general_emergency, lemuel_doored_altar, first_ration,
          trog_butcher_becter
D:4:      nicolae_overflow_crystal_walls, kennysheep_slug_shrine, serial_shops,
          kennysheep_mini, uniq_pikel
D:5:      uniq_grinder
D:6:      nemelex_xobeh_ov_fountains_minmay, serial_shops,
          nicolae_shop_window_shopping
D:7:      temple_statues
D:8:      uniq_maurice
D:9:      minitemple, enter_bailey_3, serial_shops,
          nicolae_shop_window_shopping, nicolae_shop_window_shopping, shop,
          hangedman_ranch
